 Dungeon Crawl Stone Soup version 0.23.2-33-g5129a83184 (webtiles) character file.

Game seed: 4764946645997684856

175 troglodite the Digger (level 5, -3/41 HPs)
             Began as a Gnoll Wanderer on July 25, 2019.
             Killed by divine providence
             ... invoked by an orc priest
              (11 damage)
             ... on level 3 of the Dungeon.
             The game lasted 00:09:05 (3827 turns).

troglodite the Digger (Gnoll Wanderer)              Turns: 3827, Time: 00:09:06

Health: -3/41      AC:  7    Str: 11    XL:     5   Next: 55%
Magic:  1/9        EV: 26    Int: 15    God:
Gold:   70         SH:  0    Dex: 18    Spells: 4/10 levels left

rFire    . . .     SeeInvis .   e - +0 club
rCold    . . .     Gourm    .   (no shield)
rNeg     . . .     Faith    .   b - +0 ring mail
rPois    .         Spirit   .   (no helmet)
rElec    .         Reflect  .   (no cloak)
rCorr    .         Harm     .   (no gloves)
MR       .....                  (no boots)
Stlth    +.........             o - amulet of the acrobat
HPRegen  0.13/turn              i - +2 ring of protection
MPRegen  0.11/turn              (no ring)

@: acrobat
A: distributed training, fangs 1, strong nose
a: no special abilities


You were on level 3 of the Dungeon.
You were not hungry.

You visited 1 branch of the dungeon, and saw 4 of its levels.

You collected 70 gold pieces.

Inventory:

Hand Weapons
 e - a +0 club (weapon)
Missiles
 d - 40 stones (quivered)
Armour
 b - a +0 ring mail (worn)
Jewellery
 i - a +2 ring of protection (left hand)
 o - an amulet of the acrobat (around neck)
Scrolls
 a - 2 scrolls of identify {unknown}
 g - 2 scrolls of teleportation {unknown}
 h - a scroll of fear {unknown}
 j - 2 scrolls of blinking {unknown}
 p - a scroll of immolation {unknown}
 q - a scroll of noise {unknown}
Potions
 c - a potion of curing
 k - a potion of lignification {unknown}
 l - a potion of mutation {unknown}
 m - a potion of flight {unknown}
 n - a potion of brilliance {unknown}
 r - a potion of haste {unknown}
Comestibles
 f - 6 rations
 s - 8 chunks of flesh


   Skills:
 + Level 3.0 Fighting
 + Level 1.5 Short Blades
 + Level 1.5 Long Blades
 + Level 1.5 Axes
 + Level 4.8 Maces & Flails
 + Level 1.5 Polearms
 + Level 1.5 Staves
 + Level 1.5 Slings
 + Level 1.5 Bows
 + Level 1.5 Crossbows
 + Level 1.5 Throwing
 + Level 1.5 Armour
 + Level 1.5 Dodging
 + Level 1.5 Stealth
 + Level 3.0 Shields
 + Level 1.5 Unarmed Combat
 + Level 3.2 Spellcasting
 + Level 1.2 Conjurations
 + Level 1.2 Hexes
 + Level 1.2 Charms
 + Level 1.2 Summonings
 + Level 1.2 Necromancy
 + Level 1.2 Translocations
 + Level 1.2 Transmutations
 + Level 1.2 Fire Magic
 + Level 1.2 Ice Magic
 + Level 1.2 Air Magic
 + Level 7.2 Earth Magic
 + Level 1.2 Poison Magic
 + Level 1.7 Invocations
 + Level 3.0 Evocations


You had 4 spell levels left.
You knew the following spells:

 Your Spells              Type           Power        Failure   Level  Hunger
a - Sandblast             Erth           ###...       2%          1    #......
b - Stone Arrow           Conj/Erth      ###...       24%         3    ###....
c - Passwall              Tmut/Erth      ###.....     12%         2    ##.....

Your spell library contained the following spells:

 Spells                   Type           Power        Failure   Level  Hunger
 Petrify                  Tmut/Erth      ###.....     63%         4    #####..
 Lee's Rapid Deconstruct  Erth           ###.......   54%         5    ######.


Dungeon Overview and Level Annotations

Branches:
Dungeon (4/15)
 Temple: D:4-7

Altars:


Innate Abilities, Weirdness & Mutations

Your experience applies equally to all skills.
You have very sharp teeth.
Your uncanny sense of smell can sniff out nearby items.


Message History

The orc priest is moderately wounded.
The orc priest hits you but does no damage.
You barely miss the orc priest.
The orc priest is moderately wounded.
The orc priest hits you with a cursed -3 club.
Casting: Sandblast (safe; 2% risk of failure)
Confirm with . or Enter, or press ? or * to list all spells.
Aiming: Sandblast (safe; 2% risk of failure)
Press: ? - help, Shift-Dir - straight line, f - orc priest
Aim: an orc priest, wielding a -3 club and wearing a +0 chain mail (moderately wounded)
The blast of sand hits the orc priest but does no damage.
The orc priest is moderately wounded.
d - 40 stones The orc priest mumbles some strange prayers to Beogh against you.
Beogh smites you!
* * * LOW HITPOINT WARNING * * *
The orc priest miscasts a cantrip.
The orc priest calls down the wrath of Beogh upon you.
Beogh smites you!
You die...

##.# ∆ .... ...# #..# #####
#########... #.^.#####
#...........
#...#...######.###....o..
####...#.#.@o.)o......#.....
#..........#####........#.†.
#..>.....................o#.
#.....)....###.##.######..#.
####...##.## #.##o# #..#.
#...##.# #.##.######..#.
#...##.# #.##...o..o....
##.###.# #.#########..## #.#
#.# #.# #..#


You could see 2 orc priests.

Vanquished Creatures
  An orc wizard (D:3)
  An iguana (D:3)
  A worker ant (D:4)
  2 adders
  4 oozes
  3 dart slugs
  A leopard gecko (D:1)
  An orc (D:4)
  5 bats
  4 giant cockroaches (D:1)
  8 goblins
  6 hobgoblins
  2 ball pythons (D:1)
  5 frilled lizards
  7 kobolds
  12 rats
63 creatures vanquished.

Vanquished Creatures (others)
  6 toadstools (D:3)
6 creatures vanquished.

Grand Total: 69 creatures vanquished

Notes
Turn   | Place    | Note
-------+----------+-------------------------------------------
     0 | D:1      | troglodite the Gnoll Wanderer began the quest for the Orb.
     0 | D:1      | troglodite set off with the following items: a +0 dagger, a
                  | +0 ring mail, a potion of curing, a ration; and the
                  | following spell memorised: Sandblast; and the following
                  | spells available to memorise: Passwall, Stone Arrow,
                  | Petrify, Lee's Rapid Deconstruction
     0 | D:1      | Reached XP level 1. HP: 17/17 MP: 4/4
   248 | D:1      | You fall through a shaft!
   281 | D:2      | Reached XP level 2. HP: 20/23 MP: 5/5
   696 | D:2      | Reached XP level 3. HP: 5/28 MP: 4/7
  1217 | D:1      | Reached skill level 1 in Invocations
  1563 | D:1      | Reached skill level 1 in Short Blades
  1563 | D:1      | Reached skill level 1 in Long Blades
  1563 | D:1      | Reached skill level 1 in Axes
  1563 | D:1      | Reached skill level 1 in Polearms
  1563 | D:1      | Reached skill level 1 in Staves
  1563 | D:1      | Reached skill level 1 in Slings
  1563 | D:1      | Reached skill level 1 in Bows
  1563 | D:1      | Reached skill level 1 in Crossbows
  1563 | D:1      | Reached skill level 1 in Throwing
  1563 | D:1      | Reached skill level 1 in Armour
  1563 | D:1      | Reached skill level 1 in Dodging
  1563 | D:1      | Reached skill level 1 in Stealth
  1563 | D:1      | Reached skill level 1 in Unarmed Combat
  1568 | D:1      | Learned a level 3 spell: Stone Arrow
  1571 | D:1      | Learned a level 2 spell: Passwall
  1935 | D:1      | Reached XP level 4. HP: 34/34 MP: 8/8
  3201 | D:3      | Reached skill level 1 in Conjurations
  3201 | D:3      | Reached skill level 1 in Hexes
  3201 | D:3      | Reached skill level 1 in Charms
  3201 | D:3      | Reached skill level 1 in Summonings
  3201 | D:3      | Reached skill level 1 in Necromancy
  3201 | D:3      | Reached skill level 1 in Translocations
  3201 | D:3      | Reached skill level 1 in Transmutations
  3201 | D:3      | Reached skill level 1 in Fire Magic
  3201 | D:3      | Reached skill level 1 in Ice Magic
  3201 | D:3      | Reached skill level 1 in Air Magic
  3201 | D:3      | Reached skill level 1 in Poison Magic
  3202 | D:3      | Reached XP level 5. HP: 9/40 MP: 1/9
  3827 | D:3      | Killed from afar by an orc priest

Skill      XL: |  1  2  3  4  5 |
---------------+----------------+-----
Invocations    | 1 |  1.7
Short Blades   | 1 |  1.5
Long Blades    | 1 |  1.5
Axes           | 1 |  1.5
Polearms       | 1 |  1.5
Staves         | 1 |  1.5
Slings         | 1 |  1.5
Bows           | 1 |  1.5
Crossbows      | 1 |  1.5
Throwing       | 1 |  1.5
Armour         | 1 |  1.5
Dodging        | 1 |  1.5
Stealth        | 1 |  1.5
Unarmed Combat | 1 |  1.5
Spellcasting   | 3 |  3.2
Conjurations   | 1 |  1.2
Hexes          | 1 |  1.2
Charms         | 1 |  1.2
Summonings     | 1 |  1.2
Necromancy     | 1 |  1.2
Translocations | 1 |  1.2
Transmutations | 1 |  1.2
Fire Magic     | 1 |  1.2
Ice Magic      | 1 |  1.2
Air Magic      | 1 |  1.2
Poison Magic   | 1 |  1.2
Fighting       | 3 |  3.0
Shields        | 3 |  3.0
Evocations     | 3 |  3.0
Maces & Flails | |  4.8
Earth Magic    | |  7.2

Action                   |  1- 3 |  4- 6 || total
-------------------------+-------+-------++-------
Melee: Dagger            |    49 |       ||    49
       Bite              |    22 |    15 ||    37
       Club              |   142 |   109 ||   251
       Punch             |     1 |     1 ||     2
 Cast: Sandblast         |     3 |     6 ||     9
       Stone Arrow       |       |     5 ||     5
       Passwall          |       |     2 ||     2
  Eat: Chunk             |     3 |     7 ||    10
Armor: Ring mail         |    86 |    43 ||   129
Dodge: Dodged            |   108 |    96 ||   204
